 Dungeon Crawl Stone Soup version 0.31.0-32-g396128a36d (webtiles) character file.

Game seed: 9489017484480026346

273 Buffagor the Changeling (level 6, -17/38 HPs)
             Began as an Octopode Shapeshifter on Mar 25, 2024.
             Was a High Priest of Ignis.
             Demolished by an ogre
             ... wielding a +0 giant spiked club
              (30 damage)
             ... on level 4 of the Dungeon.
             The game lasted 00:06:14 (3114 turns).

Buffagor the Changeling (Octopode Shapeshifter)     Turns: 3114, Time: 00:06:14

Health: -17/38     AC:  1    Str: 13    XL:     6   Next: 24%
Magic:  6/6        EV: 13    Int: 13    God:    Ignis [*****.]
Gold:   210        SH:  0    Dex: 13    Spells: 5/5 levels left

rFire   + .          .
                       - Unarmed
rCold   . . .        (no shield)
rNeg    . . .        (helmet currently unavailable)
rPois   .            g - amulet of magic regeneration
rElec   .            (no ring)
rCorr   .            (no ring)
SInv    .            (no ring)
Will    .....        (no ring)
Stlth   ++           (no ring)
HPRegen 0.26/turn    (no ring)
MPRegen 0.50/turn    (no ring)
                     (no ring)

%: no passive effects
@: beast-form
A: beast (slay +3), almost no armour, amphibious, 8 rings, camouflage 1,
gelatinous body 1, (nimble swimmer 1), tentacles
a: Begin Untransformation, Renounce Religion, Fiery Armour, Foxfire Swarm,
Rising Flame


You were on level 4 of the Dungeon.
You worshipped Ignis.
Ignis was extremely pleased with you.
You were a hulking beast.
You visited 1 branch of the dungeon, and saw 4 of its levels.

You collected 210 gold pieces.

Inventory:

Missiles
 k - 7 boomerangs (quivered)
 m - 4 atropa-tipped darts
 r - 7 poisoned darts
 s - 7 stones
Jewellery
 g - an amulet of magic regeneration (around mantle)
 u - a ring of wizardry
Talismans
 b - a beast talisman
 c - a flux talisman
 h - a blade talisman
Wands
 t - a wand of quicksilver (6)
Scrolls
 d - 2 scrolls of revelation {unknown}
 f - a scroll of immolation {unknown}
 l - 3 scrolls of identify {unknown}
 n - 3 scrolls of fog {unknown}
 q - a scroll of teleportation {unknown}
 w - 2 scrolls of vulnerability {unknown}
 x - a scroll of poison {unknown}
Potions
 a - a potion of lignification
 e - 2 potions of curing {unknown}
 i - a potion of brilliance {unknown}
 j - a potion of haste {unknown}
 o - 2 potions of heal wounds {unknown}
 p - a potion of mutation {unknown}
 v - a potion of invisibility {unknown}


   Skills:
 - Level 1.0 Fighting
 - Level 2.0 Dodging
 + Level 4.6 Unarmed Combat
 * Level 5.4 Shapeshifting


You had 5 spell levels left.
You didn't know any spells.
Your spell library contained the following spells:

 Spells                   Type           Power      Damage    Failure   Level
 Ozocubu's Armour         Ice            0%         N/A       67%         3
 Metabolic Englaciation   Hex/Ice        0%         N/A       100%        5
 Conjure Ball Lightning   Conj/Air       0%         3x3d6     100%        6
 Sculpt Simulacrum        Ice/Alch       0%         N/A       100%        6
 Discord                  Hex            0%         N/A       100%        8
 Disjunction              Tloc           0%         N/A       100%        8


Dungeon Overview and Level Annotations

Branches:
Dungeon (4/15)
 Temple: D:4-7

Altars:
Ignis


Innate Abilities, Weirdness & Mutations

You are a hulking beast.
Your limbs bulge with bestial killing power. (Slay +3)
You cannot wear most types of armour.
You are amphibious.
You can wear up to eight rings at the same time.
Your skin changes colour to match your surroundings (Stealth+).
Your rubbery body absorbs attacks. (AC +1, EV +1)
((You are camouflaged when in or above water. (Stealth+)))
You have tentacles for arms and can constrict up to eight enemies at once.


Message History

An adder is nearby!
You throw a boomerang. The boomerang hits the adder.
The adder is heavily wounded.
An ogre comes into view. It is wielding a +0 giant spiked club.
You throw a boomerang. The ogre shouts!
The boomerang hits the adder!
You kill the adder!
You throw a boomerang. The boomerang closely misses the ogre.
You throw a boomerang. The boomerang closely misses the ogre.
You throw a boomerang. The boomerang hits the ogre!
The ogre is moderately wounded.
You completely miss the ogre.
The ogre is moderately wounded.
The ogre barely misses you.
You tentacle-slap the ogre. You squeeze the ogre.
The ogre is severely wounded.
You completely miss the ogre. You squeeze the ogre!
The ogre is almost dead.
The ogre hits you with a +0 giant spiked club!!
Ouch! That really hurt!
You are too injured to fight recklessly!
You are too injured to fight recklessly!
You are too injured to fight recklessly!
You are too injured to fight recklessly!
You are too injured to fight recklessly!
You are too injured to fight recklessly!
You are too injured to fight recklessly!
You are too injured to fight recklessly!
You are too injured to fight recklessly!
You are too injured to fight recklessly!
You are too injured to fight recklessly!
You are too injured to fight recklessly!
You are too injured to fight recklessly!
Unknown command.
You completely miss the ogre. You squeeze the ogre.
The ogre is almost dead.
The ogre hits you with a +0 giant spiked club!!
Ouch! That really hurt!
You die...

#. ...# # #. ##..
# ##########
##### #)..#..'.##
+. ###...##^.##
### #.##..#..#.##
#..
#....###..#.##
###.
###..#.....#.##
#..#
#[#.###h.#..#.##
###).
#...#.O##.#..#.##
#..## ##†###.
##.#..#.#####..#
#..# .#
##.#..#.##..###
#.###.
##.#..#.##..#.
#.# †#
##.#..#..###.
####.
##.#.....#†. .#
##.#..###..
##.#..#..#


You could see an ogre.

Vanquished Creatures
  A bombardier beetle (D:3)
  An iguana (D:4)
  Ijyb (D:3)
  9 adders
  3 dart slugs
  4 ribbon worms
  4 orcs
  6 endoplasms
  2 giant cockroaches
  3 goblins
  4 hobgoblins
  6 jackals
  7 kobolds
  9 quokkas
  10 ball pythons
  8 bats
  6 frilled lizards (D:1)
  9 rats
93 creatures vanquished.

Notes
Turn   | Place    | Note
-------+----------+-------------------------------------------
     0 | D:1      | Buffagor the Octopode Shapeshifter began the quest for the
                  | Orb.
     0 | D:1      | Reached XP level 1. HP: 13/13 MP: 1/1
   232 | D:1      | Reached XP level 2. HP: 16/18 MP: 2/2
   537 | D:1      | Found a faded altar of an unknown god.
   595 | D:1      | Prayed at the altar of an unknown god.
   595 | D:1      | Became a worshipper of Ignis, the Dying Flame
   640 | D:1      | Reached XP level 3. HP: 21/23 MP: 3/3
  1346 | D:2      | Reached skill level 4 in Shapeshifting
  1443 | D:2      | Reached XP level 4. HP: 28/28 MP: 4/4
  2165 | D:3      | Reached XP level 5. HP: 33/33 MP: 5/5
  2362 | D:3      | Noticed Ijyb
  2376 | D:3      | Killed Ijyb
  2377 | D:3      | Reached skill level 5 in Shapeshifting
  2806 | D:4      | Reached XP level 6. HP: 21/38 MP: 6/6
  3114 | D:4      | Demolished by an ogre

Illustrated notes

Levels and vault maps discovered:
D:1:      reono_arrival_mine, layout_basic, chequers_ecumenical_altar_lobes,
          minmay_box_of_dots
D:2:      layout_basic, eino_tiny_chamber, minmay_tromino_v4_a
D:3:      layout_basic, minmay_misc_feat_enclosed, uniq_ijyb
D:4:      minmay_razor_zed, layout_rooms, grunt_temple_overflow_holy_war

Skill      XL: |  1  2  3  4  5 |
---------------+----------------+-----
Shapeshifting  | 4 5 |  5.4
Unarmed Combat | 4 |  4.6
Fighting       | |  1.0
Dodging        | |  2.0

Action                     |  1- 3 |  4- 6 || total
---------------------------+-------+-------++-------
  Melee: Unarmed           |    79 |    93 ||   172
         Constrict         |    22 |    20 ||    42
         Tentacles         |    14 |    25 ||    39
         Punch             |       |     2 ||     2
  Throw: Stone             |    17 |       ||    17
         Dart              |       |     5 ||     5
         Boomerang         |       |    31 ||    31
   Stab: Sleeping          |     7 |     9 ||    16
         Distracted        |     1 |       ||     1
 Armour: Skin              |    28 |    29 ||    57
  Dodge: Dodged            |    31 |    40 ||    71
